 Dungeon Crawl Stone Soup version 0.31.0-32-g396128a36d (webtiles) character file.

Game seed: 15156847377854617926

7871 spaghetti the Thaumaturge (level 11, -8/88 HPs)
             Began as an Oni Earth Elementalist on Mar 9, 2024.
             Was an Initiate of Gozag.
             Constricted to death by Erica (11 damage)
             ... on level 10 of the Dungeon.
             The game lasted 00:22:47 (10895 turns).

spaghetti the Thaumaturge (Oni Earth Elementalist) Turns: 10895, Time: 00:22:47

Health: -8/88      AC:  2    Str: 18    XL:     11   Next: 22%
Magic:  35/35      EV: 12    Int: 20    God:    Gozag
Gold:   246        SH:  0    Dex:  9    Spells: 24/32 levels left

rFire   . . .        e - +7 broad axe of the Incandescent {elec, Str+4 Stlth+}
rCold   . . .        u - orb {*channel}
rNeg    . . .        a - +0 robe
rPois   .            (helmet restricted)
rElec   .            i - -2 cloak of the Butterfly {Slay+2 SInv Stlth+}
rCorr   .            (gloves unavailable)
SInv    +            (boots unavailable)
Will    +....        l - amulet of regeneration
Stlth   ++++         b - +5 ring of evasion
HPRegen 1.14/turn    x - ring of magical power
MPRegen 0.24/turn

%: channel magic (20%)
@: lethally poisoned (-8 -> -9), grasped by roots, constricted
A: large, unfitting armour, horns 1, tough skin 1, double potion healing,
drunken brawling, hooves 2
a: Renounce Religion, Potion Petition, Call Merchant, Bribe Branch


You were on level 10 of the Dungeon.
You worshipped Gozag.
Gozag was aware of your devotion.
You visited 1 branch of the dungeon, and saw 10 of its levels.

You collected 2006 gold pieces.
You paid 1760 gold pieces to Gozag.

Inventory:

Hand Weapons
 e - the +7 broad axe of the Incandescent (weapon) {elec, Str+4 Stlth+}
   (You found it on level 9 of the Dungeon)

   Str+4:     It affects your strength (+4).
   Stlth+:    It makes you more stealthy.
 s - a +1 giant spiked club of draining
Armour
 a - a +0 robe (worn)
 i - the -2 cloak of the Butterfly (worn) {Slay+2 SInv Stlth+}
   (You found it on level 3 of the Dungeon)

   Slay+2:    It affects your accuracy & damage with ranged weapons and melee
   (+2).
   SInv:      It lets you see invisible.
   Stlth+:    It makes you more stealthy.
 u - an orb of energy (worn)
Magical Staves
 g - a staff of fire
Jewellery
 b - a +5 ring of evasion (left hand)
 l - an amulet of regeneration (around neck)
 o - a ring of protection from fire
 r - a ring of ice
 w - a ring of protection from fire
 x - a ring of magical power (right hand)
Wands
 j - a wand of roots (6)
 m - a wand of light (9)
 t - a wand of paralysis (29)
 y - a wand of digging (1)
Scrolls
 c - 2 scrolls of immolation
 d - 2 scrolls of amnesia
 k - a scroll of enchant armour
Potions
 f - 3 potions of brilliance
 h - a potion of enlightenment
 n - a potion of degeneration
 p - a potion of cancellation


   Skills:
 - Level 2.1 Dodging
 - Level 1.7 Stealth
 + Level 11.1 Spellcasting
 + Level 9.0 Conjurations
 + Level 9.4 Earth Magic


You had 24 spell levels left.
You knew the following spells:

 Your Spells              Type           Power      Damage    Failure   Level
a - Sandblast             Erth           98%        2d20      1%          1
b - Stone Arrow           Conj/Erth      96%        3d13      3%          3
c - Brom's Barrelling Bo  Conj/Erth      48%        2d7       6%          4

Your spell library contained the following spells:

 Spells                   Type           Power      Damage    Failure   Level
 Magic Dart               Conj           100%       1d8       1%          1
 Passwall                 Erth           49%        N/A       3%          3
 Foxfire                  Conj/Fire      100%       2x1d9     5%          1
 Summon Small Mammal      Summ           44%        N/A       17%         1
 Petrify                  Alch/Erth      30%        N/A       22%         4
 Blink                    Tloc           22%        N/A       24%         2
 Call Imp                 Summ           22%        N/A       24%         2
 Lesser Beckoning         Tloc           22%        N/A       24%         2
 Call Canine Familiar     Summ           11%        N/A       38%         3
 Gell's Gravitas          Tloc           11%        N/A       38%         3
 Teleport Other           Tloc           11%        N/A       38%         3
 Summon Blazeheart Golem  Fire/Summ      11%        N/A       73%         4
 Starburst                Conj/Fire      14%        6d6       94%         6
 Summon Forest            Summ/Tloc      5%         N/A       95%         5
 Eringya's Noxious Bog    Alch           5%         4d6       100%        6
 Plasma Beam              Fire/Air       5%         2x1d16    100%        6
 Summon Hydra             Summ           5%         N/A       100%        7


Dungeon Overview and Level Annotations

Branches:
Dungeon (10/15)            Temple (0/1) D:6            Lair (0/5) D:9
    Orc (0/2) D:10

Altars:
Cheibriados
Dithmenos
Fedhas
Gozag
Kikubaaqudgha
Makhleb
Nemelex Xobeh
Okawaru
Uskayaw
Vehumet

Annotations:
D:4 2 transporters
D:5 2 transporters, spaghetti's ghost, weakling DsDe
D:8 Jeremiah; seawaffle's ghost, novice GrFi
D:10 Erica; Urug


Innate Abilities, Weirdness & Mutations

You are too large for most types of armour.
You have a pair of small horns on your head.
You have tough skin. (AC +1)
You gain doubled healing and magic from potions.
Whenever you drink a healing potion, you attack all around you.
You have hoof-like feet.


Message History

The rocky shrapnel hits Erica!
Erica is moderately wounded.
Casting: Brom's Barrelling Boulder (dangerous; 6% risk of failure)
Confirm with . or Enter, or press ? or * to list all spells.
Aiming: Brom's Barrelling Boulder (dangerous; 6% risk of failure)
Press: ? - help, Dir - move target, f - you There's a thick-headed creature in the way.
Okay, then.
Okay, then. [a] - 360 gold - resistance and invisibility [b] - 286 gold - heal wounds and magic [c] - 330 gold - resistance and enlightenment Purchase which effect?
You no longer have enough gold to petition Gozag for potion effects.
You feel much better. Magic courses through your body.
You feel very sick.
Erica stares at you and mumbles some strange words.
You resist with some effort.
Okay, then.
Okay, then.
You feel very sick.
Erica zaps a wand.
The roots erupt in riotous growth!
The grasping roots grab you! The grasping roots constrict you!
* * * LOW HITPOINT WARNING * * *
You escape the roots grasp.
* * * LOW HITPOINT WARNING * * *
You feel very sick.
You feel sick.
You feel sick.
You feel sick.
You feel sick.
Things that are here:
a +0 club; a +0 leather armour You feel sick.
Erica zaps a wand.
The roots erupt in riotous growth!
The grasping roots grab you! The grasping roots constrict you!
You die...
Erica begins burbling mirthfully and uncontrollably.
Your body crumbles into a pile of gold.

#.#####.#.#...#. #....# #
##.###.#.#.x.#..##.#.####
#...##.....(#..#...#.##..
###..#.x##.>.#..#.##.##..
#..#...###.....#.#..##..
#.#......#.#..#.#.#.##..
#...#..###......#.###)..
#.####)#.##.#...##...#..
#. ##.@..###......###..
## #.#.##.####.#### #..
######## # ### #. .. .##


You could see Erica (invisible).

Vanquished Creatures
  A hydra (D:9)
  A tengu warrior (D:10)
  A cyclops (D:10)
  A hornet (D:8)
  4 yaks (D:10)
  A shadow (D:9)
  A vampire (D:10)
  3 wraiths
  Menkaure (D:6)
  A water moccasin (D:5)
  2 orc warriors
  A sky beast (D:7)
  A black bear (D:7)
  2 ice beasts (D:6)
  3 ogres
  4 centaurs
  4 phantoms
  A kobold brigand (D:10)
  7 scorpions
  2 bullfrogs (D:9)
  11 wights
  20 killer bees
  2 howler monkeys
  A bombardier beetle (D:7)
  3 hounds (D:5)
  2 jellies
  4 orc priests
  5 iguanas
  10 orc wizards
  7 adders
  7 gnolls
  A shadow imp (D:8)
  2 white imps (D:7)
  2 ufetubi (D:6)
  A ribbon worm (D:3)
  2 dart slugs
  36 orcs
  6 bats
  9 endoplasms
  4 giant cockroaches
  12 goblins
  6 hobgoblins
  4 jackals (D:2)
  2 quokkas
  7 ball pythons
  3 frilled lizards
  6 kobolds
  9 rats
226 creatures vanquished.

Vanquished Creatures (collateral kills)
  A howler monkey (D:9)
  25 boulders
26 creatures vanquished.

Vanquished Creatures (others)
  52 boulders
52 creatures vanquished.

Grand Total: 304 creatures vanquished

Notes
Turn   | Place    | Note
-------+----------+-------------------------------------------
     0 | D:1      | spaghetti the Oni Earth Elementalist began the quest for
                  | the Orb.
     0 | D:1      | Reached XP level 1. HP: 16/16 MP: 3/3
   133 | D:1      | Reached skill level 1 in Conjurations
   165 | D:1      | Reached XP level 2. HP: 4/24 MP: 0/5
   699 | D:1      | Found a faded altar of an unknown god.
  1063 | D:2      | Reached XP level 3. HP: 31/31 MP: 5/7
  1122 | D:1      | Prayed at the altar of an unknown god.
  1122 | D:1      | Became a worshipper of Gozag Ym Sagoz the Greedy
  1334 | D:2      | Reached skill level 3 in Spellcasting
  1780 | D:2      | Reached XP level 4. HP: 39/39 MP: 6/8
  1784 | D:2      | Learned a level 3 spell: Stone Arrow
  2660 | D:3      | Learned a level 4 spell: Brom's Barrelling Boulder
  2896 | D:3      | Identified the -2 cloak of the Butterfly {Slay+2 SInv
                  | Stlth+}
  3167 | D:4      | Reached XP level 5. HP: 11/45 MP: 3/10
  3206 | D:4      | Noticed a phantom
  3280 | D:4      | Killed a phantom
  3281 | D:4      | Reached skill level 4 in Spellcasting
  3373 | D:4      | Reached XP level 6. HP: 53/53 MP: 7/12
  3787 | D:4      | Found an iron altar of Okawaru.
  3805 | D:4      | Found a blossoming altar of Fedhas.
  3805 | D:4      | Found a sparkling altar of Nemelex Xobeh.
  3805 | D:4      | Found a hide-covered altar of Uskayaw.
  3809 | D:4      | Reached XP level 7. HP: 59/59 MP: 7/14
  3810 | D:4      | Reached skill level 5 in Spellcasting
  3868 | D:4      | Found a shadowy altar of Dithmenos.
  3873 | D:4      | Found a snail-covered altar of Cheibriados.
  3877 | D:4      | Found a burning altar of Makhleb.
  3879 | D:4      | Found an ancient bone altar of Kikubaaqudgha.
  3880 | D:4      | Found a radiant altar of Vehumet.
  3913 | D:4      | Found a transporter.
  3920 | D:4      | Found a transporter.
  3924 | D:4      | Found an opulent altar of Gozag.
  4611 | D:5      | Entered Level 5 of the Dungeon
  4703 | D:5      | Found a transporter.
  4705 | D:5      | Noticed spaghetti's ghost (weakling DsDe)
  4707 | D:5      | Found a transporter.
  4752 | D:5      | Gained mutation: You are covered in fur. (AC +1) [potion of
                  | mutation]
  4752 | D:5      | Gained mutation: You are clumsy. (Dex -2) [potion of
                  | mutation]
  4752 | D:5      | Gained mutation: You have sharp fingernails. [potion of
                  | mutation]
  4755 | D:5      | Reached skill level 5 in Earth Magic
  4925 | D:5      | Reached skill level 6 in Spellcasting
  4925 | D:5      | Reached XP level 8. HP: 67/67 MP: 7/17
  5237 | D:6      | Reached skill level 5 in Conjurations
  5296 | D:6      | Noticed Menkaure
  5299 | D:6      | Killed Menkaure
  5300 | D:6      | Reached skill level 7 in Spellcasting
  5626 | D:6      | Reached XP level 9. HP: 64/74 MP: 9/20
  5641 | D:6      | Found a staircase to the Ecumenical Temple.
  6190 | D:7      | Reached skill level 8 in Spellcasting
  6646 | D:7      | Lost mutation: You have sharp fingernails. [potion of
                  | mutation]
  6646 | D:7      | Lost mutation: You are covered in fur. (AC +1) [potion of
                  | mutation]
  6646 | D:7      | Gained mutation: You have large cloven feet. [potion of
                  | mutation]
  6646 | D:7      | Gained mutation: You have hoof-like feet. [potion of
                  | mutation]
  6646 | D:7      | Lost mutation: You are clumsy. (Dex -2) [potion of
                  | mutation]
  8129 | D:9      | Reached skill level 9 in Spellcasting
  8133 | D:9      | Reached XP level 10. HP: 61/81 MP: 23/23
  8206 | D:8      | Noticed Jeremiah
  8783 | D:9      | Found a staircase to the Lair.
  8921 | D:9      | Found a runed translucent gate.
  8923 | D:9      | Found a runed translucent gate.
  8923 | D:9      | Found a runed translucent gate.
  8923 | D:9      | Noticed a ten-headed hydra
  8924 | D:9      | Noticed seawaffle's ghost (novice GrFi)
  8971 | D:9      | Identified the +0 scale mail of the Curious Blessings
                  | {Will+ Regen+}
  9356 | D:8      | Reached skill level 10 in Spellcasting
  9520 | D:9      | Identified the +7 broad axe of the Incandescent {elec,
                  | Str+4 Stlth+}
  9553 | D:9      | Killed a ten-headed hydra
  9649 | D:10     | Entered Level 10 of the Dungeon
  9868 | D:10     | Noticed a tengu warrior
  9914 | D:10     | Killed a tengu warrior
 10084 | D:10     | Noticed Urug
 10403 | D:10     | Reached XP level 11. HP: 50/88 MP: 23/25
 10596 | D:10     | Reached skill level 11 in Spellcasting
 10596 | D:10     | Noticed a cyclops
 10763 | D:10     | Found a staircase to the Orcish Mines.
 10790 | D:10     | Killed a cyclops
 10878 | D:10     | Noticed Erica
 10891 | D:10     | HP: 4/88 [poisoned by Erica (bolt of poison)]
 10895 | D:10     | Constricted to death by Erica

Illustrated notes

Levels and vault maps discovered:
D:1:      evilmike_arrival_crescent, layout_loops_cross,
          ebering_ecumenical_altar_sacrificial, chequers_avenue, minmay_cupped
D:2:      minmay_chambers_of_ones, layout_loops_cross
D:3:      minmay_chambers_of_twos, layout_basic
D:4:      layout_rooms, mainiacjoe_overflow_boulevard,
          gammafunk_temple_overflow_arena, nicolae_overflow_hallway_of_the_gods
D:5:      layout_basic, gammafunk_ghost_mausoleum, minmay_crystal_water,
          chequers_jeans, cheibrodos_gnoll_hut
D:6:      layout_basic, minmay_temple_entry_sparse_star, st_stairs_6,
          ebering_dispersal_statue_hall, serial_park_tiny_1, uniq_menkaure
D:7:      layout_basic
D:8:      layout_rooms, uniq_gastronok, uniq_jeremiah
D:9:      layout_cave_pools, lair_entry_dummy, gammafunk_ghost_hydra_chop,
          moated_statue
D:10:     layout_basic, erik_orc_3, hangedman_abyss_or_decor_stagger,
          minmay_misc_feat_room, uniq_urug, uniq_erica

Skill      XL: |  1  2  3  4  5  6  7  8  9 10 11 |
---------------+----------------------------------+-----
Conjurations   | 1 2 3 4 5 7 8 9 |  9.0
Dodging        | 2 |  2.1
Earth Magic    | 3 4 5 6 7 9 |  9.4
Spellcasting   | 3 4 6 7 9 10 11 | 11.1
Stealth        | |  1.7

Action                     |  1- 3 |  4- 6 |  7- 9 | 10-12 || total
---------------------------+-------+-------+-------+-------++-------
  Melee: Unarmed           |     7 |       |       |       ||     7
         Staff             |       |     8 |    27 |     8 ||    43
         Headbutt          |       |     1 |     6 |     2 ||     9
   Cast: Sandblast         |    46 |    89 |   113 |    49 ||   297
         Stone Arrow       |       |     7 |    33 |    22 ||    62
         Brom's Barrelling |       |       |    22 |   111 ||   133
 Invoke: Potion Petition   |       |     1 |     1 |     3 ||     5
  Evoke: Wand              |       |       |       |     3 ||     3
    Use: Scroll            |       |     6 |     4 |     7 ||    17
         Potion            |       |     6 |     3 |     1 ||    10
 Armour: Robe              |    23 |    55 |    82 |    70 ||   230
  Dodge: Dodged            |    12 |    37 |    89 |    86 ||   224
